 Dungeon Crawl Stone Soup version 0.20-a0-839-gdaf5c57 (webtiles) character file.

763 Duffy the Chopper (level 7, -5/52 HPs)
             Began as a Demonspawn Fighter on Mar 8, 2017.
             Slain by Menkaure (12 damage)
             ... on level 5 of the Dungeon.
             The game lasted 00:05:08 (3752 turns).

Duffy the Chopper (Demonspawn Fighter)              Turns: 3752, Time: 00:05:09

Health: -5/52      AC: 14    Str: 19    XL:     7   Next: 51%
Magic:  7/7        EV:  4    Int:  9    God:
Gold:   221        SH:  9    Dex: 12    Spells: 6/6 levels left

rFire    . . .     SeeInvis .   a - +0 war axe
rCold    . . .     Gourm    .   p - +0 chain mail
rNeg     . . .     Faith    .   c - +0 shield
rPois    +         Spirit   .   (no helmet)
rElec    .         Reflect  .   (no cloak)
rCorr    .         Harm     .   (no gloves)
MR       .....                  (no boots)
Stlth    ..........             (no amulet)
Regen    0.2/turn               w - +2 ring of protection
MPRegen  0.1/turn               r - ring of poison resistance

@: no status effects
A: talons 1, iridescent scales 2, nightstalker 1
a: no special abilities


You were on level 5 of the Dungeon.
You were hungry.

You visited 1 branch of the dungeon, and saw 5 of its levels.

You collected 221 gold pieces.

Inventory:

Hand Weapons
 a - a +0 war axe (weapon)
 j - a +1 hand axe of flaming
Armour
 c - a +0 shield (worn)
 p - a +0 chain mail (worn)
Jewellery
 g - an uncursed ring of ice
 r - a ring of poison resistance (left hand)
 w - a +2 ring of protection (right hand)
Scrolls
 e - 5 scrolls of teleportation
 h - 2 scrolls of magic mapping {unknown}
 k - a scroll of enchant armour {unknown}
 n - a scroll of fear {unknown}
 o - a scroll of noise {unknown}
 q - a scroll of blinking {unknown}
 s - a scroll of identify
 u - a scroll of remove curse {unknown}
 v - a scroll of enchant weapon {unknown}
Potions
 d - 3 potions of might
 m - 2 potions of resistance
 z - 2 potions of curing
Comestibles
 f - 5 bread rations
 i - a royal jelly
 l - 3 meat rations
 t - 12 fruits


   Skills:
 - Level 3.0 Fighting
 + Level 7.9 Axes
 - Level 2.6 Armour
 - Level 2.6 Shields


You had 6 spell levels left.
You didn't know any spells.

Dungeon Overview and Level Annotations

Branches:
Dungeon (5/15)
 Temple: D:4-7

Altars:
Dithmenos
Fedhas
Kikubaaqudgha
The Shining One

Annotations:
D:5 Menkaure


Innate Abilities, Weirdness & Mutations

You have sharp toenails.
You are mostly covered in iridescent scales. (AC +4)
You are slightly more attuned to the shadows.


Message History

You claw the hippogriff, but do no damage.
The hippogriff is almost dead.
The hippogriff bites you but does no damage.
The hippogriff pecks you.
The hippogriff claws you but does no damage.
You slash the hippogriff!
You kill the hippogriff!
You hit Menkaure but do no damage.
Menkaure calls on the powers of darkness!
Your body is wracked with pain!
Okay, then.
You hit Menkaure. You claw Menkaure, but do no damage.
Menkaure is lightly damaged.
Menkaure hits you but does no damage.
You hit Menkaure.
Menkaure is moderately damaged.
You barely miss Menkaure.
Menkaure is moderately damaged.
Menkaure hits you!
You die...

####.##### ### .##.#
.........# #.. ...
.###.###.# #.###.# .#
#.# #.# #M##..# . .#
#.# #.# #.#.#......#
.. ..###.###M.###.##.#
.............## #...+
.....###.###..###....#
. ...# ###.#@# ###
#.### ##M## ... #.#
##. #.# # #.# ... ..#
..#


You could see Menkaure.

Vanquished Creatures
  A hippogriff (D:5)
  2 scorpions (D:4)
  A crimson imp (D:4)
  3 hounds
  An orc priest (D:4)
  A bullfrog skeleton (D:4)
  2 orc wizards (D:4)
  4 worker ants
  A hound skeleton (D:4)
  A howler monkey skeleton (D:4)
  4 adders
  2 oozes
  An adder skeleton (D:4)
  2 worms
  A dart slug (D:4)
  5 leopard geckos
  7 orcs
  7 bats
  2 giant cockroaches
  8 goblins
  8 hobgoblins
  3 jackals (D:4)
  A quokka (D:4)
  3 ball pythons
  7 frilled lizards
  4 kobolds
  A quokka skeleton (D:4)
  9 rats
92 creatures vanquished.

Notes
Turn   | Place    | Note
-------+----------+-------------------------------------------
     0 | D:1      | Duffy the Demonspawn Fighter began the quest for the Orb.
     0 | D:1      | Reached XP level 1. HP: 18/18 MP: 1/1
    44 | D:1      | Reached skill level 2 in Axes
   338 | D:1      | Gained mutation: You are slightly more attuned to the shadows. [demonic ancestry]
   338 | D:1      | Reached XP level 2. HP: 23/24 MP: 2/2
   685 | D:1      | Reached skill level 3 in Axes
   780 | D:1      | Gained mutation: You are partially covered in iridescent scales. (AC +2) [demonic ancestry]
   780 | D:1      | Reached XP level 3. HP: 27/29 MP: 3/3
  1477 | D:2      | Found a glowing golden altar of the Shining One.
  1531 | D:2      | Reached XP level 4. HP: 35/35 MP: 4/4
  1549 | D:2      | Reached skill level 4 in Axes
  1968 | D:3      | Noticed Sigmund
  2197 | D:3      | Gained mutation: You have sharp toenails. [demonic ancestry]
  2197 | D:3      | Reached XP level 5. HP: 28/41 MP: 5/5
  2345 | D:3      | Reached skill level 5 in Axes
  2617 | D:4      | Gained mutation: You are mostly covered in iridescent scales. (AC +4) [demonic ancestry]
  2617 | D:4      | Reached XP level 6. HP: 47/47 MP: 6/6
  2717 | D:4      | Reached skill level 6 in Axes
  2763 | D:4      | Found an ancient bone altar of Kikubaaqudgha.
  3074 | D:4      | Reached skill level 7 in Axes
  3074 | D:4      | Reached XP level 7. HP: 25/52 MP: 7/7
  3384 | D:4      | Found a shadowy altar of Dithmenos.
  3390 | D:4      | Found a blossoming altar of Fedhas.
  3663 | D:5      | Entered Level 5 of the Dungeon
  3727 | D:5      | Noticed Menkaure
  3727 | D:5      | Noticed a hippogriff
  3748 | D:5      | Killed a hippogriff
  3752 | D:5      | Slain by Menkaure

Vault maps used:
D:1:      doesnt_arrival_eight_statues, st_stairs_4, minmay_tetromino_l4
D:2:      lemuel_coloured_pillars_altar, first_bread
D:3:      kennysheep_six_static_rooms, chequers_ecumenical_altar_island,
          hex_tiny, hangedman_decor_points, dk_vineyard_3, uniq_sigmund
D:4:      amethyst_overflow_temple_binary, kennysheep_mini,
          minmay_misc_feat_pillars
D:5:      corexii_shack_village, basic_altar, uniq_menkaure, uniq_blork_the_orc

Skill      XL: |  1  2  3  4  5  6 |
---------------+-------------------+-----
Axes           | 2 3 4 5 7 |  7.9
Fighting       | |  3.0
Armour         | |  2.6
Shields        | |  2.6

Action                   |  1- 3 |  4- 6 |  7- 9 || total
-------------------------+-------+-------+-------++-------
Melee: War axe           |   106 |   161 |    49 ||   316
       Kick              |       |    21 |    16 ||    37
  Use: Scroll            |     1 |     2 |       ||     3
       Potion            |       |     3 |       ||     3
 Stab: Sleeping          |     1 |       |       ||     1
  Eat: Chunk             |     2 |     5 |     2 ||     9
Armor: Scale mail        |    50 |   115 |       ||   165
       Skin              |       |     4 |       ||     4
       Chain mail        |       |       |    38 ||    38
Dodge: Dodged            |    36 |    42 |     6 ||    84
Block: Shield            |    69 |    96 |    25 ||   190
